 Dungeon Crawl Stone Soup version 0.30-a0-50-gb2d611f6b1 (webtiles) character file.

Game seed: 7765696704865676918

729 timneilson the Covered (level 7, -2/44 HPs)
             Began as a Gargoyle Fighter on Sept 3, 2022.
             Was an Initiate of Okawaru.
             Slain by Ijyb
             ... wielding a +0 club
              (3 damage)
             ... on level 5 of the Dungeon.
             The game lasted 00:06:31 (5642 turns).

timneilson the Covered (Gargoyle Fighter)           Turns: 5642, Time: 00:06:32

Health: -2/44      AC: 13    Str: 22    XL:     7   Next: 73%
Magic:  7/7        EV: 10    Int:  8    God:    Okawaru [......]
Gold:   254        SH:  5    Dex:  9    Spells: 6/6 levels left

rFire   . . .      SeeInvis .    a - +0 long sword
rCold   . . .      Faith    .    c - +0 buckler
rNeg    + . .      Spirit   .    b - +0 scale mail
rPois   ∞          Reflect  .    k - +0 helmet
rElec   +          Harm     .    (no cloak)
rCorr   .          Rampage  .    (no gloves)
Will    +....                    (no boots)
Stlth   ..........               (no amulet)
HPRegen 0.14/turn                f - ring of willpower
MPRegen 0.10/turn                (no ring)

@: no status effects
A: sickness immunity, AC +4, negative energy resistance 1, electricity
resistance, torment resistance 1, petrification resistance
a: Renounce Religion


You were on level 5 of the Dungeon.
You worshipped Okawaru.
Okawaru was noncommittal.
You visited 2 branches of the dungeon, and saw 6 of its levels.

You collected 254 gold pieces.

Inventory:

Hand Weapons
 a - a +0 long sword (weapon)
Armour
 b - a +0 scale mail (worn)
 c - a +0 buckler (worn)
 k - a +0 helmet (worn)
Jewellery
 f - a ring of willpower (left hand)
Scrolls
 g - 5 scrolls of teleportation
 n - a scroll of fog
Potions
 d - a potion of might
 e - a potion of magic {unknown}
 h - 3 potions of haste
 i - a potion of curing
 j - a potion of invisibility {unknown}
 l - 2 potions of flight {unknown}
 m - a potion of lignification {unknown}
 o - a potion of resistance {unknown}


   Skills:
 + Level 4.4 Fighting
 * Level 4.1 Long Blades
 * Level 5.6 Armour
 + Level 2.0 Dodging
 * Level 5.6 Shields
 + Level 0.0 Invocations


You had 6 spell levels left.
You didn't know any spells.
Your spell library contained the following spells:

 Spells                   Type           Power      Damage    Failure   Level
 Slow                     Hex            0%         N/A       80%         1
 Ensorcelled Hibernation  Hex/Ice        0%         N/A       91%         2
 Confusing Touch          Hex            0%         N/A       99%         3
 Spider Form              Tmut/Pois      0%         N/A       99%         3
 Vampiric Draining        Necr           0%         2d6       99%         3
 Anguish                  Hex/Necr       0%         N/A       100%        4
 Blade Hands              Tmut           0%         N/A       100%        5
 Iron Shot                Conj/Erth      0%         9d1       100%        6
 Animate Armour           Summ/Erth      Unusable   N/A       N/A         4

Dungeon Overview and Level Annotations

Branches:
Dungeon (5/15)             Temple (1/1) D:5

Altars:
Hepliaklqana
Kikubaaqudgha
Okawaru
Ru
Sif Muna
Trog
Uskayaw
Vehumet
Wu Jian
Xom

Annotations:
D:4 2 runed translucent doors, drugrobin's ghost, weakling DgDe
D:5 Ijyb


Innate Abilities, Weirdness & Mutations

You are immune to sickness and miasma.
Your stone body is resilient. (AC +4)
You are immune to poison.
You resist negative energy. (rN+)
You are resistant to electric shocks. (rElec)
You are resistant to unholy torment.
You are immune to petrification.


Message History

Ijyb is moderately wounded.
Ijyb zaps a wand.
You resist with some effort. Ijyb hits you but does no damage.
You barely miss Ijyb.
Ijyb is moderately wounded.
Ijyb screams, "It's all mine!"
Ijyb zaps a wand.
Your mind is blasted!
You closely miss Ijyb.
Ijyb is moderately wounded.
Ijyb hits you but does no damage.
You barely miss Ijyb.
Ijyb is moderately wounded.
You block Ijyb's attack.
You barely miss Ijyb.
Ijyb is moderately wounded.
Ijyb hits you with a +0 club.
* * * LOW HITPOINT WARNING * * *
You block Ijyb's attack.
You hit Ijyb.
Ijyb is heavily wounded.
Ijyb hits you but does no damage.
You closely miss Ijyb.
Ijyb is heavily wounded.
Ijyb zaps a wand.
Your mind is blasted!
* * * LOW HITPOINT WARNING * * *
You hit Ijyb.
Ijyb is heavily wounded.
Ijyb hits you but does no damage.
You hit Ijyb.
Ijyb is severely wounded.
Ijyb hits you but does no damage.
You barely miss Ijyb.
Ijyb is severely wounded.
Ijyb zaps a wand.
You resist with some effort.
The now-empty wand crumbles to dust.
Ijyb hits you with a +0 club.
* * * LOW HITPOINT WARNING * * *
You barely miss Ijyb.
Ijyb is severely wounded.
Ijyb hits you with a +0 club.
You die...

.. .. ..#########.
#....§....#
#.≈§§§≈≈§.#
#≈[.§§§..§#
#≈.§§..§.≈#
#≈§≈§_.≈.≈#
#≈.≈§g@≈.§#
#§..≈§≈..≈# #
#.≈§§§≈≈≈.# #
#.........### #
#.#########..# # #
#........## #
..........## #
#.....~§~..#### ###
#....~~§§~....####..


You could see Ijyb.

Vanquished Creatures
  Sigmund (D:3)
  Menkaure (D:5)
  2 ogres (D:4)
  2 jellies (D:3)
  Natasha (twice) (D:4)
  2 orc wizards (D:4)
  2 adders
  A worm (D:3)
  4 dart slugs
  4 orcs
  3 bats
  13 endoplasms
  4 giant cockroaches
  6 goblins
  4 hobgoblins
  3 jackals (D:4)
  15 kobolds
  3 quokkas
  6 ball pythons
  3 frilled lizards
  2 rats (D:2)
83 creatures vanquished.

Vanquished Creatures (others)
  9 fungi (D:3)
  6 plants (D:1)
  6 toadstools (D:3)
21 creatures vanquished.

Grand Total: 104 creatures vanquished

Notes
Turn   | Place    | Note
-------+----------+-------------------------------------------
     0 | D:1      | timneilson the Gargoyle Fighter began the quest for the
                  | Orb.
     0 | D:1      | Reached XP level 1. HP: 14/14 MP: 1/1
   306 | D:1      | Reached XP level 2. HP: 18/19 MP: 2/2
  1039 | D:2      | Reached XP level 3. HP: 23/23 MP: 3/3
  1253 | D:2      | Found a faded altar of an unknown god.
  1784 | D:3      | Reached XP level 4. HP: 7/28 MP: 4/4
  2707 | D:3      | Noticed Sigmund
  2717 | D:3      | Killed Sigmund
  2718 | D:3      | Reached skill level 1 in Dodging
  2718 | D:3      | Reached XP level 5. HP: 21/33 MP: 5/5
  2718 | D:3      | Reached XP level 6. HP: 25/38 MP: 6/6
  3675 | D:4      | HP: 1/38 [orc/+0 hand axe (3)]
  4011 | D:4      | Noticed Natasha
  4030 | D:4      | Killed Natasha
  4031 | D:4      | Reached skill level 5 in Shields
  4300 | D:4      | Found a runed translucent door.
  4313 | D:4      | Reached skill level 5 in Armour
  4313 | D:4      | Reached XP level 7. HP: 6/43 MP: 7/7
  4440 | D:4      | Noticed drugrobin's ghost (weakling DgDe)
  5107 | D:4      | Noticed Natasha
  5115 | D:4      | Killed Natasha
  5216 | D:4      | Found a runed translucent door.
  5259 | D:5      | Entered Level 5 of the Dungeon
  5309 | D:5      | Found a staircase to the Ecumenical Temple.
  5311 | D:5      | Noticed Menkaure
  5319 | D:5      | Killed Menkaure
  5324 | Temple   | Entered the Ecumenical Temple
  5597 | Temple   | Became a worshipper of Warmaster Okawaru
  5613 | D:5      | Found a hide-covered altar of Uskayaw.
  5616 | D:5      | Noticed Ijyb
  5638 | D:5      | HP: 2/44 [disintegration (11)]
  5642 | D:5      | Slain by Ijyb

Illustrated notes

Levels and vault maps discovered:
D:1:      lemuel_arrival_room, layout_loops_ring, serial_bayou,
          serial_bayou_pond_c, serial_bayou_ford_a, serial_bayou_shore_a,
          serial_bayou_lagoon_a
D:2:      layout_basic, serial_curves, eino_curves_03, eino_curves_02,
          ebering_ecumenical_altar_ruins
D:3:      cheibrodos_fertilizer, layout_basic, minmay_quadrilaterals,
          uniq_sigmund
D:4:      cheibrodos_quashed, layout_loops_ring, ebering_ghost_sewer_f,
          uniq_natasha
D:5:      layout_basic, lemuel_round_altar, nicolae_ashenzari_skybound,
          nicolae_gozag_zags_fifth_avenue, mainiacjoe_overflow_paths,
          minmay_temple_entry_mist, serial_shops, shop, uniq_ijyb, uniq_menkaure
Temple:   nicolae_temple_figure_zero

Skill      XL: |  1  2  3  4  5  6  7 |
---------------+----------------------+-----
Long Blades    | 2 3 4 |  4.1
Shields        | 4 5 |  5.6
Armour         | 4 5 |  5.6
Dodging        | 1 2 |  2.0
Fighting       | 4 |  4.4

Action                   |  1- 3 |  4- 6 |  7- 9 || total
-------------------------+-------+-------+-------++-------
Melee: Long sword        |   133 |   201 |    78 ||   412
  Use: Scroll            |     4 |     2 |       ||     6
       Potion            |       |     2 |       ||     2
Armor: Scale mail        |    64 |    83 |    34 ||   181
Dodge: Dodged            |    46 |    64 |    28 ||   138
Block: Buckler           |    27 |    30 |     7 ||    64

Table legend: (Time is in decaauts)
 A = Elapsed time spent in this place.
 B = Non-inter-level travel time spent in this place.
 C = Inter-level travel time spent in this place.
 D = Time resting spent in this place.
 E = Time spent auto-exploring this place.
 F = Levels seen in this place.
 G = Mean time per level.
                   A        B        C        D        E       F      G
               +--------+--------+--------+--------+--------+-----+--------+
         Total |   5808 |   5622 |    186 |    344 |   4246 |   6 |  968.0 |
       Dungeon |   5523 |   5363 |    160 |    344 |   3993 |   5 | 1104.6 |
        Temple |    284 |    258 |     26 |      0 |    253 |   1 |  284.0 |
               +--------+--------+--------+--------+--------+-----+--------+

Top non-repeatable levels by time:
     D:4: 1840 daAuts
     D:3: 1811 daAuts
     D:1: 914 daAuts
     D:2: 850 daAuts
  Temple: 284 daAuts
     D:5: 106 daAuts
